[Event "Titled Tuesday Blitz December 20 Early 2022"]
[White "Larochelle, Martial"]
[Black "PavelChernomordik"]
[WhiteFideId "2016311"]
[WhiteElo "2039"]
[BlackElo "2434"]
[Result "0-1"]
[Round "11"]
[TimeControl "180+2"]
[Date "2022.12.20"]
[WhiteClock "0:00:45"]
[BlackClock "0:00:28"]

1. d4 g6 2. c4 Bg7 3. e4 Nc6 4. d5 Nd4 5. Be3 e5 6. dxe6 dxe6 7. Nc3 c5 8. Nge2 Ne7 9. Ng3 Nec6 10. Be2 O-O 11. O-O f5 12. exf5 exf5 13. Nd5 Be6 14. Bf3 Nxf3+ 15. Qxf3 Ne5 16. Qe2 Nxc4 17. Qxc4 Qxd5 18. Qxd5 Bxd5 19. Bxc5 Rfc8 20. Ba3 Rc2 21. Rfc1 Rac8 22. Rxc2 Rxc2 23. Nf1 f4 24. Rd1 Bc6 25. b3 Rxa2 26. Bd6 g5 27. h4 h6 28. hxg5 hxg5 29. Nd2 Bd4 30. Nf3 Bxf2+ 31. Kh1 g4 32. Ne5 Be3 33. Nxc6 bxc6 34. Rf1 Rf2 35. Rxf2 Bxf2 36. Bxf4 Kf7 37. g3 Ke6 38. Kg2 Bd4 39. Kf1 Kd5 40. Ke2 Ke4 41. Bd2 Be5 42. Be1 a6 43. Bf2 Bd4 44. Be1 c5 45. Bd2 Be5 46. Be1 Kd4 47. Kd2 c4 48. bxc4 Kxc4 49. Ke3 Bc3 50. Bf2 Bd4+ 51. Kf4 Bxf2 52. Kxg4 a5 53. Kf5 Bxg3 54. Ke6 a4 55. Kd7 a3 56. Kc8 a2 57. Kb7 a1=Q 58. Kc6 Qa6+ 59. Kd7 Kd5 60. Ke8 Qe6+ 61. Kd8 Qf7 62. Kc8 Qc7# 0-1


[Site "https://www.chess.com"]

[Event "Titled Tuesday Blitz December 20 Early 2022"]
[White "Leon-Black"]
[Black "Battlecruiser_Operational"]
[WhiteElo "2634"]
[BlackElo "2428"]
[Result "1-0"]
[Round "11"]
[TimeControl "180+2"]
[Date "2022.12.20"]
[WhiteClock "0:00:30"]
[BlackClock "0:00:19"]

1. c4 e6 2. Nf3 f5 3. g3 Nf6 4. Bg2 Be7 5. O-O O-O 6. d3 c5 7. Nc3 Nc6 8. e4 d5 9. exd5 exd5 10. Ng5 dxc4 11. dxc4 Nd4 12. Nd5 Bd6 13. Nxf6+ Qxf6 14. Bd5+ Kh8 15. Nxh7 Qg6 16. Nxf8 Bxf8 17. Be3 Nc6 18. Re1 Bd7 19. f4 Rd8 20. Qd2 Be6 21. Rad1 Nb4 22. Qg2 Bxd5 23. cxd5 Nxa2 24. d6 Rxd6 25. Rxd6 Qxd6 26. Qh3+ Kg8 27. Qxf5 Nb4 28. Bf2 a5 29. Qe6+ Qxe6 30. Rxe6 Nc6 31. Re8 Kf7 32. Rc8 Bd6 33. Kg2 Ke6 34. Kf3 Kd5 35. g4 Kc4 36. Be1 Nd4+ 37. Ke4 a4 38. Bc3 b5 39. Bxd4 Kb3 40. Bxc5 Bxc5 41. Rxc5 b4 42. Rb5 1-0


[Site "https://www.chess.com"]

[Event "Titled Tuesday Blitz December 20 Early 2022"]
[White "Liyanage, Ranindu Dilshan"]
[Black "Derybas, Igor"]
[WhiteFideId "9915834"]
[BlackFideId "41846400"]
[WhiteElo "2342"]
[BlackElo "1490"]
[Result "1-0"]
[Round "11"]
[TimeControl "180+2"]
[Date "2022.12.20"]
[WhiteClock "0:00:10"]
[BlackClock "0:00:05"]

1. e4 e6 2. d4 d5 3. Nc3 Nf6 4. exd5 exd5 5. Bd3 Bb4 6. Ne2 h6 7. O-O O-O 8. h3 Nbd7 9. Ng3 Re8 10. Qf3 Nf8 11. Nce2 Ng6 12. Nf5 Ne4 13. Ne3 Nh4 14. Qh5 g6 15. Qxd5 Bd6 16. Bxe4 c6 17. Qb3 Rxe4 18. Qd3 f5 19. Nc4 Bf8 20. c3 Be6 21. Nd2 Bd5 22. Nxe4 Bxe4 23. Qg3 Bxg2 24. Rd1 Bf3 25. Re1 Bxe2 26. Rxe2 g5 27. Bf4 Qd5 28. Rc1 Bg7 29. Be5 Nf3+ 30. Kf1 f4 31. Qg2 Bxe5 32. dxe5 Nd2+ 33. Rxd2 Qxd2 34. Re1 Qd3+ 35. Kg1 Re8 36. Qg4 Qg6 37. e6 Re7 38. Re5 Kg7 39. Qe2 Qb1+ 40. Kh2 Qxa2 41. Qe4 Qxb2 42. Qd4 Kg6 43. Qe4+ Kg7 44. Qd4 Kg6 45. Kg2 Qc2 46. Qd8 f3+ 47. Kg3 Kf6 48. Qh8+ Kg6 49. Qg8+ Kf6 50. Qh8+ Kg6 51. Re3 Qf5 52. Qg8+ Rg7 53. Qe8+ Kf6 54. Qf8+ Kg6 55. Qxf5+ Kxf5 56. e7 Rxe7 57. Rxe7 b5 58. Rxa7 Ke4 59. Rh7 c5 60. Rxh6 c4 61. Rb6 Kd3 62. Rxb5 Kxc3 63. Rxg5 Kd3 64. Rc5 c3 65. Kxf3 1-0


[Site "https://www.chess.com"]

[Event "Titled Tuesday Blitz December 20 Early 2022"]
[White "Machidon, Cristi"]
[Black "Kildepiotr"]
[WhiteFideId "13904590"]
[WhiteElo "2279"]
[BlackElo "2682"]
[Result "0-1"]
[Round "11"]
[TimeControl "180+2"]
[Date "2022.12.20"]
[WhiteClock "0:00:48"]
[BlackClock "0:01:37"]

1. d4 c5 2. d5 e5 3. e4 d6 4. Nc3 Be7 5. Nf3 a6 6. a4 Bg4 7. b3 Nd7 8. Be2 Bxf3 9. Bxf3 Bg5 10. Bb2 Ne7 11. g3 O-O 12. h4 Bh6 13. Bg2 f5 14. exf5 Nxf5 15. Ne4 Nf6 16. Ng5 Qa5+ 17. Kf1 Ne4 18. Kg1 Nxg5 19. hxg5 Bxg5 20. Qh5 Bh6 21. Be4 Nd4 22. Qg4 Rf6 23. Bc1 Qe1+ 0-1


[Site "https://www.chess.com"]

[Event "Titled Tuesday Blitz December 20 Early 2022"]
[White "Manish Anto Cristiano F"]
[Black "aidenzhouu"]
[WhiteFideId "25095927"]
[WhiteElo "2485"]
[BlackElo "2386"]
[Result "0-1"]
[Round "11"]
[TimeControl "180+2"]
[Date "2022.12.20"]
[WhiteClock "0:01:32"]
[BlackClock "0:00:44"]

1. d4 Nf6 2. c4 Nc6 3. Nf3 e6 4. g3 Bb4+ 5. Bd2 Qe7 6. Bg2 O-O 7. O-O Bxd2 8. Nbxd2 d6 9. e4 e5 10. d5 Bg4 11. dxc6 bxc6 12. Qc2 Rab8 13. b3 Nd7 14. h3 Be6 15. Rfd1 f5 16. Nh2 f4 17. Qc3 Nc5 18. Rf1 Qg5 19. Rae1 a5 20. Ndf3 Qg6 21. Nh4 Qg5 22. N2f3 Qe7 23. Qxa5 g5 24. Nf5 Qf6 25. g4 Bxf5 26. exf5 e4 27. Nd2 f3 28. Bh1 Qd4 29. Re3 Ra8 30. Qc3 Qxc3 31. Rxc3 Rxa2 32. b4 Rxd2 33. bxc5 d5 34. cxd5 cxd5 35. Rb3 Rc2 36. Bxf3 exf3 37. Rxf3 Rxc5 38. Rd1 c6 39. f6 Rc4 40. Rf5 h6 41. Kg2 Rf4 42. Rxf4 gxf4 43. Kf3 Rxf6 44. Rd4 Kf7 45. Rxf4 Rxf4+ 46. Kxf4 Ke6 47. h4 c5 48. Ke3 d4+ 49. Ke4 Kf6 50. f4 Ke6 51. Kd3 Kd5 52. h5 c4+ 53. Kd2 Ke4 54. g5 c3+ 55. Kc2 Ke3 56. gxh6 d3+ 57. Kxc3 d2 58. h7 d1=Q 59. h8=Q Qa1+ 60. Kb4 Qxh8 0-1


[Site "https://www.chess.com"]

[Event "Titled Tuesday Blitz December 20 Early 2022"]
[White "Manukyan_Artak"]
[Black "Pietrek, Gerhard"]
[BlackFideId "24631698"]
[WhiteElo "2560"]
[BlackElo "1596"]
[Result "0-1"]
[Round "11"]
[TimeControl "180+2"]
[Date "2022.12.20"]
[WhiteClock "0:01:11"]
[BlackClock "0:00:19"]

1. e4 c5 2. Nf3 Nc6 3. c3 Nf6 4. e5 Nd5 5. d4 cxd4 6. cxd4 g6 7. Nc3 Nxc3 8. bxc3 Bg7 9. h4 d6 10. Bf4 dxe5 11. Nxe5 Nxe5 12. Bxe5 Bxe5 13. dxe5 Qc7 14. Bb5+ Kf8 15. Qd4 Be6 16. O-O a6 17. Be2 Rd8 18. Qe3 h5 19. Rfd1 Kg7 20. Rd4 Rc8 21. c4 Rhd8 22. Rad1 Rxd4 23. Rxd4 Rd8 24. f4 Qc5 25. Re4 Qxe3+ 26. Rxe3 Rd4 27. g3 Bxc4 28. Bxc4 Rxc4 29. e6 f5 30. Rd3 Kf6 31. Rd7 b5 32. Kf2 Rc3 33. Rd2 Ra3 34. Re2 a5 35. Kg2 b4 36. Kh3 Rc3 37. Re5 Ra3 38. Re2 a4 39. Rb2 Kxe6 40. Rxb4 Rxa2 41. Rb6+ Kf7 42. Ra6 a3 43. Ra7 Ra1 44. Ra6 Ke8 45. Kg2 Kd7 46. Rxg6 Ra2+ 47. Kf3 Rc2 48. Ra6 a2 49. Ke3 Kc7 50. Kd4 Kb7 51. Ra3 Re2 52. Kd3 Rg2 53. Kd4 Kb6 54. Ke5 Kb5 55. Kxf5 Kb4 56. Ra7 Kb3 57. Kg6 Rxg3+ 58. Kxh5 Kb2 59. Rb7+ Rb3 60. Ra7 Ra3 0-1


[Site "https://www.chess.com"]

[Event "Titled Tuesday Blitz December 20 Early 2022"]
[White "MartinMatthiesen"]
[Black "Garcia Brion, Eduardo"]
[BlackFideId "2223864"]
[WhiteElo "2497"]
[BlackElo "2175"]
[Result "1-0"]
[Round "11"]
[TimeControl "180+2"]
[Date "2022.12.20"]
[WhiteClock "0:00:12"]
[BlackClock "0:00:01"]

1. d4 Nf6 2. c4 e6 3. Nf3 Bb4+ 4. Bd2 Qe7 5. g3 Nc6 6. Bg2 Bxd2+ 7. Qxd2 Ne4 8. Qc2 Qb4+ 9. Kf1 f5 10. e3 O-O 11. Nbd2 Nxd2+ 12. Nxd2 b6 13. a3 Qe7 14. b4 Bb7 15. Rc1 d6 16. h4 e5 17. Bd5+ Kh8 18. Nf3 e4 19. Ng5 a5 20. Qb2 axb4 21. axb4 Ra4 22. Ne6 Rfa8 23. Nf4 Nd8 24. Bxb7 Nxb7 25. d5 Ra2 26. Qc3 R8a3 27. Qd4 Kg8 28. Kg2 Nd8 29. Rc3 Nf7 30. Rxa3 Rxa3 31. Ra1 Rxa1 32. Qxa1 Ne5 33. Qa8+ Kf7 34. Qc8 Nd3 35. Qxf5+ Kg8 36. Ne6 Nxb4 37. Qxe4 Na6 38. Qf5 g6 39. Qg4 Nb4 40. h5 Kf7 41. hxg6+ hxg6 42. Qh3 Kg8 43. Qh6 Qf7 44. Qg5 Nd3 45. Qd8+ 1-0


[Site "https://www.chess.com"]

[Event "Titled Tuesday Blitz December 20 Early 2022"]
[White "MathiasWomacka"]
[Black "Nyambe, Maketo"]
[BlackFideId "8700915"]
[WhiteElo "2562"]
[BlackElo "2091"]
[Result "1-0"]
[Round "11"]
[TimeControl "180+2"]
[Date "2022.12.20"]
[WhiteClock "0:00:21"]
[BlackClock "0:00:02"]

1. e4 c5 2. Nf3 d6 3. d4 cxd4 4. Nxd4 Nf6 5. Nc3 a6 6. Be2 e6 7. O-O Be7 8. f4 O-O 9. Kh1 Qc7 10. Qe1 b5 11. Bf3 Bb7 12. e5 Ne8 13. f5 dxe5 14. fxe6 exd4 15. Nd5 Qd8 16. Nxe7+ Qxe7 17. Bxb7 Qxb7 18. e7 Nd7 19. Bd2 Nef6 20. exf8=Q+ Nxf8 21. Qe5 Ne6 22. c3 Qb8 23. cxd4 Qxe5 24. dxe5 Ng4 25. Bc3 a5 26. a3 Ne3 27. Rf3 Nd5 28. Rd1 Nb6 29. Rd6 Nc4 30. Rd7 b4 31. Bd4 bxa3 32. bxa3 Rb8 33. h4 a4 34. Rfxf7 Nxd4 35. Rxg7+ Kf8 36. Rxh7 Rb1+ 37. Kh2 Kg8 38. Rxd4 Nxe5 39. Rc4 Nxc4 40. Ra7 1-0


[Site "https://www.chess.com"]

[Event "Titled Tuesday Blitz December 20 Early 2022"]
[White "MatthewG-p4p"]
[Black "Aygehovit1992"]
[WhiteElo "2825"]
[BlackElo "2682"]
[Result "1-0"]
[Round "11"]
[TimeControl "180+2"]
[Date "2022.12.20"]
[WhiteClock "0:00:39"]
[BlackClock "0:00:06"]

1. f4 d5 2. Nf3 g6 3. g3 Bg7 4. Bg2 c6 5. O-O Nf6 6. d3 O-O 7. Nc3 d4 8. Ne4 Nd5 9. Bd2 f5 10. Nc5 Qb6 11. Nb3 a5 12. a4 Nd7 13. Kh1 N7f6 14. Ne5 Be6 15. Nc4 Qa7 16. Bxa5 Ng4 17. Bd2 h5 18. Qe1 Bf6 19. h3 Nge3 20. Bxe3 dxe3 21. a5 Rad8 22. c3 Rf7 23. Rf3 Kg7 24. Ne5 Bxe5 25. fxe5 f4 26. Nd4 Bc8 27. gxf4 Nxf4 28. Qg3 Rxd4 29. cxd4 Nxe2 30. Rxf7+ Kxf7 31. Qf3+ Bf5 32. Qxe2 Qxd4 33. Re1 Qxe5 34. Qxe3 Qd6 35. d4 1-0


[Site "https://www.chess.com"]

[Event "Titled Tuesday Blitz December 20 Early 2022"]
[White "Mekhitarian, Krikor Sevag"]
[Black "Coachpoker"]
[WhiteFideId "2107660"]
[WhiteElo "2604"]
[BlackElo "2626"]
[Result "1/2-1/2"]
[Round "11"]
[TimeControl "180+2"]
[Date "2022.12.20"]
[WhiteClock "0:00:05"]
[BlackClock "0:00:07"]

1. Nf3 c5 2. c4 Nc6 3. Nc3 g6 4. g3 Bg7 5. Bg2 e6 6. h4 h5 7. d4 cxd4 8. Nb5 d5 9. cxd5 exd5 10. O-O Nge7 11. Nbxd4 O-O 12. Be3 Nf5 13. Nxf5 Bxf5 14. Nd4 Be4 15. Bxe4 dxe4 16. Nxc6 bxc6 17. Qa4 Qd5 18. Rac1 Bxb2 19. Rc5 Qd7 20. Qxe4 Rac8 21. Rb1 Bg7 22. Rbc1 Rfe8 23. Qa4 Re6 24. Rd1 Qe8 25. Rd3 Rb8 26. Rc1 Rb2 27. Qxa7 Rxe2 28. a4 Kh7 29. a5 Ra2 30. a6 Re4 31. Qb7 Rg4 32. Qxc6 Qe5 33. Qf3 Rxa6 34. Qxf7 Rxg3+ 35. fxg3 Qxg3+ 36. Kf1 Rf6+ 37. Qxf6 Bxf6 38. Rd7+ Bg7 39. Rcc7 Qxe3 40. Rxg7+ Kh8 41. Rge7 Qf3+ 42. Ke1 Qg3+ 43. Kd2 Qf4+ 44. Kc3 Qf6+ 45. Kb3 Qf3+ 46. Kc4 Qf4+ 47. Kd5 Qf5+ 48. Kd6 Qf6+ 49. Kc5 Qf5+ 50. Kc6 Qf6+ 51. Kd7 Qd4+ 52. Ke6 Qe4+ 53. Kd6 Qd4+ 54. Ke6 Qe4+ 55. Kd7 Qd5+ 56. Ke8 Qg8+ 57. Kd7 Qd5+ 58. Kc8 Qa8+ 59. Kd7 Qd5+ 1/2-1/2


[Site "https://www.chess.com"]

[Event "Titled Tuesday Blitz December 20 Early 2022"]
[White "Mikhail_Bryakin"]
[Black "McCarthyStone"]
[WhiteElo "2765"]
[BlackElo "2471"]
[Result "1-0"]
[Round "11"]
[TimeControl "180+2"]
[Date "2022.12.20"]
[WhiteClock "0:00:15"]
[BlackClock "0:00:06"]

1. g3 Nc6 2. Bg2 e5 3. c4 h5 4. h4 d6 5. Nc3 Nh6 6. b3 Be6 7. Bb2 Be7 8. Nd5 Qd7 9. d3 Ng4 10. e3 g5 11. hxg5 Bxg5 12. Nf3 Be7 13. Nh4 O-O-O 14. b4 Bxh4 15. Rxh4 Bxd5 16. cxd5 Nxb4 17. Qb3 Qf5 18. Rxg4 Nxd3+ 19. Ke2 Qxf2+ 20. Kxd3 hxg4 21. Qc2 Qxc2+ 22. Kxc2 Rh2 23. Rg1 f5 24. Kd3 Rdh8 25. Bc1 Rf8 26. a4 a5 27. Bd2 b6 28. Bf1 Rfh8 29. Bg2 Kd7 30. e4 fxe4+ 31. Bxe4 Rf8 32. Be3 Ra2 33. Bg6 Rxa4 34. Rh1 Rf3 35. Rh7+ Kc8 36. Be8 Ra3+ 37. Kd2 Raxe3 38. Rh8 Rd3+ 39. Ke2 Rfe3+ 40. Kf2 Rf3+ 41. Ke2 c5 42. Bb5+ Kb7 43. Bxd3 Rxg3 44. Bb5 a4 45. Rh7+ Kc8 46. Bxa4 Ra3 47. Bc6 g3 48. Rg7 Rb3 49. Rg8+ Kc7 50. Rg7+ Kb8 51. Rg6 b5 52. Rxd6 Rb2+ 53. Kd3 g2 54. Rg6 Kc7 55. Ke4 c4 56. Kxe5 c3 57. Rg7+ Kd8 58. d6 Re2+ 59. Kd5 c2 60. Rg8+ 1-0


[Site "https://www.chess.com"]

[Event "Titled Tuesday Blitz December 20 Early 2022"]
[White "Mileo, Miguelito"]
[Black "Vsevolod_Ovchinnikov"]
[WhiteFideId "851108"]
[WhiteElo "1721"]
[BlackElo "2557"]
[Result "1-0"]
[Round "11"]
[TimeControl "180+2"]
[Date "2022.12.20"]
[WhiteClock "0:00:25"]
[BlackClock "0:00:07"]

1. d4 Nf6 2. Nf3 g6 3. c3 Bg7 4. Bg5 d5 5. Nbd2 Nbd7 6. e3 b6 7. Bd3 Bb7 8. Qe2 h6 9. Bh4 c5 10. O-O g5 11. Bg3 e6 12. e4 cxd4 13. Nxd4 dxe4 14. Nxe4 Nxe4 15. Bxe4 Bxe4 16. Qxe4 O-O 17. Rad1 Nf6 18. Qe2 Qc8 19. h4 Rd8 20. hxg5 hxg5 21. Be5 Qc5 22. f4 Nh7 23. Rde1 Rd5 24. Bxg7 Kxg7 25. fxg5 Rxg5 26. Rxf7+ Kxf7 27. Qf3+ Nf6 28. Rf1 Rf5 29. Qb7+ Kg6 30. Qxa8 Rxf1+ 31. Kxf1 e5 32. Nf3 Qc4+ 33. Kg1 Qf4 34. Qh8 Qe3+ 35. Kh1 Qc1+ 36. Kh2 Qf4+ 37. Kh1 Qc1+ 38. Ng1 Qxb2 39. Nf3 Qc1+ 40. Kh2 Qf4+ 41. Kg1 Qc1+ 42. Kf2 Qxc3 43. Nh4+ Kf7 44. Qd8 Qd4+ 45. Qxd4 exd4 46. Nf5 d3 47. Ke3 Ke6 48. Nd4+ Kd5 49. Kxd3 Nd7 50. Nb5 a6 51. Nc7+ Ke5 52. Nxa6 Kf4 53. Ke2 Kg3 54. Kf1 Nf6 55. Nb4 Ne4 56. Nd5 b5 57. Ne3 Nc3 58. a3 Nb1 59. Nc2 Nc3 60. Nd4 Kf4 61. Ne2+ Nxe2 62. Kxe2 Kg3 63. Kd3 Kxg2 64. Kd4 Kf3 65. Kc5 Ke4 66. Kxb5 Kd5 67. Kb6 Kd6 68. a4 Kd7 69. Kb7 Kd6 70. a5 Kc5 71. a6 1-0


[Site "https://www.chess.com"]

[Event "Titled Tuesday Blitz December 20 Early 2022"]
[White "Misanik, Peter"]
[Black "stollenmonster"]
[WhiteFideId "14921421"]
[WhiteElo "1785"]
[BlackElo "2932"]
[Result "0-1"]
[Round "11"]
[TimeControl "180+2"]
[Date "2022.12.20"]
[WhiteClock "0:00:02"]
[BlackClock "0:00:05"]

1. d4 Nf6 2. c4 e6 3. Nc3 d5 4. cxd5 Nxd5 5. e4 Nxc3 6. bxc3 b6 7. Nf3 Bb7 8. Bd3 Nd7 9. O-O Be7 10. a4 c5 11. d5 exd5 12. exd5 O-O 13. c4 Bf6 14. Ra2 Qc7 15. Re2 Rfe8 16. Rfe1 Rxe2 17. Rxe2 Ne5 18. Nxe5 Bxe5 19. Qe1 Bxh2+ 20. Kh1 Bd6 21. Bg5 Qd7 22. Be7 g6 23. Bxd6 Qxd6 24. Re7 Rb8 25. Qe3 Qf6 26. Rc7 Kf8 27. Qh6+ Kg8 28. Qe3 Kf8 29. Kg1 Bc8 30. Rxa7 Bg4 31. f3 Re8 32. Qh6+ Kg8 33. Be4 Bf5 34. Bxf5 Qxf5 35. Qh4 Qe5 36. Rb7 Qe3+ 37. Kh2 Qe5+ 38. Kh3 Qf5+ 39. Kg3 Qe5+ 40. Qf4 Qe1+ 41. Kh2 Re7 42. Rxb6 Re5 43. Rb8+ Kg7 44. g4 Re2+ 45. Kh3 Qh1+ 0-1


[Site "https://www.chess.com"]

[Event "Titled Tuesday Blitz December 20 Early 2022"]
[White "Najdoski, Toni"]
[Black "Alphafischer2019"]
[WhiteFideId "15001334"]
[WhiteElo "2598"]
[BlackElo "2543"]
[Result "0-1"]
[Round "11"]
[TimeControl "180+2"]
[Date "2022.12.20"]
[WhiteClock "0:00:59"]
[BlackClock "0:01:44"]

1. e4 c5 2. Nc3 Nc6 3. Bb5 Nd4 4. Nf3 g6 5. O-O Bg7 6. Nxd4 cxd4 7. Ne2 a6 8. Bd3 d5 9. c3 dxe4 10. Bxe4 Nf6 11. Bf3 d3 12. Ng3 O-O 13. Re1 Re8 14. Qa4 e5 15. b3 Bd7 16. Qh4 Bc6 17. Bxc6 bxc6 18. Ba3 Nd5 19. Bc5 Qxh4 0-1


[Site "https://www.chess.com"]

[Event "Titled Tuesday Blitz December 20 Early 2022"]
[White "Nakamura, Hikaru"]
[Black "Liaqat, Ali ISB"]
[WhiteFideId "2016192"]
[BlackFideId "7807058"]
[WhiteElo "2775"]
[BlackElo "1927"]
[Result "1-0"]
[Round "11"]
[TimeControl "180+2"]
[Date "2022.12.20"]
[WhiteClock "0:00:08"]
[BlackClock "0:00:04"]

1. e4 e6 2. d4 d5 3. Nd2 c5 4. exd5 Qxd5 5. dxc5 Nf6 6. Ngf3 Qxc5 7. Bd3 Nbd7 8. a4 Qc7 9. O-O Nc5 10. Bb5+ Bd7 11. Qe2 Be7 12. Ne5 Bxb5 13. axb5 O-O 14. Ndc4 Ncd7 15. Bf4 Nxe5 16. Bxe5 Qc5 17. Na5 Qb6 18. Nb3 Rfd8 19. Ra4 a6 20. Rfa1 h6 21. h3 Nd7 22. Bd4 Qc7 23. bxa6 bxa6 24. Rxa6 Rxa6 25. Rxa6 Bf6 26. c3 Bxd4 27. Nxd4 Nf6 28. g3 Rb8 29. Nc6 Rc8 30. b4 Nd5 31. c4 Ne7 32. b5 Nf5 33. g4 Nh4 34. Qd3 Qf4 35. Qg3 Nf3+ 36. Kg2 Ne1+ 37. Kf1 Qc1 38. Qe3 Qxc4+ 39. Kxe1 Qxb5 40. Ne7+ Kh8 41. Nxc8 Qxa6 42. Qc3 Qa8 43. Nd6 Qh1+ 44. Ke2 f6 45. Qc8+ Kh7 46. Qxe6 Qxh3 47. Qe4+ Kh8 48. Nf5 Qa3 49. Ne7 Qa2+ 50. Kf3 Qf7 51. Kg3 h5 52. Ng6+ Kh7 53. Ne5+ f5 54. Nxf7 fxe4 55. Ng5+ Kg6 56. Nxe4 hxg4 57. Kxg4 Kf7 58. f4 g5 59. Kxg5 1-0


[Site "https://www.chess.com"]

[Event "Titled Tuesday Blitz December 20 Early 2022"]
[White "Narayanan, Srinath"]
[Black "Castro Andrade, Seirbert Cristian"]
[WhiteFideId "5018420"]
[BlackFideId "3863336"]
[WhiteElo "2559"]
[BlackElo "1364"]
[Result "1-0"]
[Round "11"]
[TimeControl "180+2"]
[Date "2022.12.20"]
[WhiteClock "0:01:59"]
[BlackClock "0:02:07"]

1. d4 Nf6 2. Nf3 e6 3. Bf4 b6 4. e3 Bb7 5. Nbd2 Ne4 6. Nxe4 Bxe4 7. Bd3 Bxd3 8. Qxd3 Be7 9. h4 d6 10. h5 h6 11. d5 e5 12. Bg3 Nd7 13. Nd2 Nf6 14. e4 Qd7 15. f3 c6 16. dxc6 Qxc6 17. Nc4 O-O 18. Ne3 Rfd8 19. O-O-O Rac8 20. Kb1 Rd7 21. Nf5 Bf8 22. Ne3 b5 23. Bf2 a5 24. g4 Rcd8 25. Bh4 Be7 26. Nf5 d5 27. exd5 Nxd5 28. Bxe7 Nxe7 29. Nxe7+ 1-0


[Site "https://www.chess.com"]

[Event "Titled Tuesday Blitz December 20 Early 2022"]
[White "Nithisker, P"]
[Black "De Firmian, Nick"]
[WhiteFideId "33434786"]
[BlackFideId "2000105"]
[WhiteElo "2346"]
[BlackElo "2460"]
[Result "1/2-1/2"]
[Round "11"]
[TimeControl "180+2"]
[Date "2022.12.20"]
[WhiteClock "0:00:38"]
[BlackClock "0:00:41"]

1. d4 Nf6 2. c4 g6 3. Nc3 d5 4. Nf3 Bg7 5. Qb3 dxc4 6. Qxc4 O-O 7. e4 a6 8. Qa4 Bg4 9. Be3 Bxf3 10. gxf3 Nc6 11. O-O-O b5 12. Qc2 Nb4 13. Qb3 a5 14. d5 c6 15. dxc6 Qc8 16. Bxb5 Nxc6 17. Kb1 Rb8 18. Rc1 Qb7 19. Qa4 Na7 20. Bxa7 Qxa7 21. Qc2 Nh5 22. a4 Nf4 23. Rcd1 Rfd8 24. Rxd8+ Rxd8 25. Rd1 Rc8 26. Qd2 e5 27. Nd5 Qc5 28. Nxf4 exf4 29. Rc1 Qxc1+ 30. Qxc1 Rxc1+ 31. Kxc1 Bd4 32. Kc2 Bxf2 33. b3 Bc5 34. Bc4 Kg7 35. Kd3 g5 36. Bd5 f6 37. Be6 h5 38. Bf5 Bb4 39. Kc4 Kf7 40. Kd5 Ke7 41. Bg6 h4 42. Bf5 Be1 43. h3 Bd2 44. Bg4 Bc3 45. Bf5 Kd8 46. Bg4 Kc7 47. Bf5 Kb6 48. Kc4 Be5 49. Bg4 Bd6 50. Bf5 Bb4 51. Bg4 Be1 52. Bf5 Kc6 53. Bg4 Kd6 54. Bf5 Ke5 55. Bg4 Kd6 56. Bf5 Ke7 57. Bg4 Kf7 58. Bf5 Kg7 59. Bg4 1/2-1/2


[Site "https://www.chess.com"]

[Event "Titled Tuesday Blitz December 20 Early 2022"]
[White "Ong, Chong Ghee"]
[Black "Nau, Guenter"]
[WhiteFideId "5800145"]
[BlackFideId "4661419"]
[WhiteElo "2307"]
[BlackElo "2205"]
[Result "0-1"]
[Round "11"]
[TimeControl "180+2"]
[Date "2022.12.20"]
[WhiteClock "0:00:11"]
[BlackClock "0:00:21"]

1. d4 Nf6 2. Bg5 d5 3. Bxf6 gxf6 4. e3 c5 5. g3 Nc6 6. c3 e5 7. Ne2 Be6 8. Bg2 Qd7 9. h4 Rg8 10. c4 dxc4 11. d5 O-O-O 12. Nbc3 Nb4 13. dxe6 Nd3+ 14. Kf1 fxe6 15. b3 Qc7 16. bxc4 Nxf2 17. Qb3 Nxh1 18. Bxh1 Bh6 19. Nb5 Qb6 20. Kf2 a6 21. Nbc3 Qxb3 22. axb3 Rd3 23. Be4 Rxe3 24. Bxh7 Rd8 25. g4 Bf4 26. Rg1 Rd2 27. g5 fxg5 28. hxg5 Rxc3 29. g6 Bh6 30. g7 Bxg7 31. Rxg7 Rxb3 32. Bg8 Rbb2 33. Bxe6+ Kb8 34. Bg4 a5 35. Bf3 a4 36. Rg8+ Ka7 37. Re8 a3 38. Rxe5 a2 39. Rxc5 a1=Q 0-1


[Site "https://www.chess.com"]

[Event "Titled Tuesday Blitz December 20 Early 2022"]
[White "Patricks, Anastasia"]
[Black "Karttunen, Mika"]
[WhiteFideId "7101929"]
[BlackFideId "502081"]
[WhiteElo "1778"]
[BlackElo "2490"]
[Result "1-0"]
[Round "11"]
[TimeControl "180+2"]
[Date "2022.12.20"]
[WhiteClock "0:00:52"]
[BlackClock "0:00:24"]

1. b3 d5 2. Bb2 e6 3. Nf3 Nf6 4. e3 Be7 5. Be2 O-O 6. O-O c5 7. c4 Nc6 8. cxd5 Nxd5 9. Nc3 Bf6 10. Rc1 Nxc3 11. dxc3 Qe7 12. Qc2 e5 13. Nd2 g6 14. Ba3 b6 15. b4 Bf5 16. Qa4 Bd7 17. Bb5 Rfc8 18. bxc5 a6 19. cxb6 axb5 20. Bxe7 Rxa4 21. Bxf6 Rb8 22. Ne4 Rxe4 23. Rfd1 Rb7 24. Rd6 Be8 25. Rcd1 Rc4 26. f4 exf4 27. exf4 Rxf4 28. Rxc6 Rc4 29. Rd8 Kf8 30. Rxc4 bxc4 31. Bd4 Ke7 32. Rc8 Bb5 33. Rc5 1-0


[Site "https://www.chess.com"]

[Event "Titled Tuesday Blitz December 20 Early 2022"]
[White "Patterson, Fheopatrick"]
[Black "nikitakhoroshev"]
[WhiteFideId "30939364"]
[WhiteElo "1497"]
[BlackElo "2709"]
[Result "0-1"]
[Round "11"]
[TimeControl "180+2"]
[Date "2022.12.20"]
[WhiteClock "0:00:07"]
[BlackClock "0:00:31"]

1. d4 Nf6 2. c4 g6 3. Nc3 Bg7 4. e4 d6 5. Nf3 O-O 6. Be2 Na6 7. O-O e5 8. d5 Nc5 9. Qc2 a5 10. Ne1 Nh5 11. Nd3 b6 12. Nxc5 bxc5 13. g3 Bh3 14. Re1 Qd7 15. Kh1 Nf6 16. f3 h5 17. Be3 Nh7 18. Bf1 Bxf1 19. Rxf1 f5 20. exf5 gxf5 21. Bd2 Rae8 22. Rae1 Rf7 23. Nb5 Ra8 24. b3 Nf8 25. Qd3 a4 26. b4 cxb4 27. Bxb4 Re8 28. a3 Ng6 29. c5 dxc5 30. Bxc5 e4 31. fxe4 fxe4 32. Qc4 Rxf1+ 33. Rxf1 Ne5 34. Qxa4 e3 35. Qb3 e2 36. Re1 Nf3 37. Qxf3 Qxb5 38. Bb4 Qc4 39. Kg2 Re5 40. h3 Re8 41. Kg1 Qd4+ 42. Kg2 Qe5 43. Kf2 Qd4+ 44. Kg2 Re3 45. Qxh5 Qe4+ 46. Kh2 Rf3 47. h4 Rf2+ 48. Kh3 Qg2+ 49. Kg4 Qf3+ 50. Kg5 Qf5# 0-1


[Site "https://www.chess.com"]

[Event "Titled Tuesday Blitz December 20 Early 2022"]
[White "Pranav, V"]
[Black "BahadirOzen"]
[WhiteFideId "25060783"]
[WhiteElo "2597"]
[BlackElo "2853"]
[Result "1-0"]
[Round "11"]
[TimeControl "180+2"]
[Date "2022.12.20"]
[WhiteClock "0:00:05"]
[BlackClock "0:00:03"]

1. e4 d6 2. d4 Nf6 3. Nc3 e5 4. Nf3 Nbd7 5. Bc4 Be7 6. O-O O-O 7. Re1 c6 8. a4 exd4 9. Nxd4 Nc5 10. Bf4 a5 11. Qd2 Be6 12. Bf1 Qb6 13. b3 Rad8 14. Rad1 d5 15. exd5 Nxd5 16. Nxd5 Rxd5 17. Qe2 Rfd8 18. Be3 Qc7 19. g3 Bf6 20. Nxe6 Nxe6 21. Rxd5 Rxd5 22. Bh3 Nf8 23. Bf4 Qd8 24. c4 Rd4 25. Bg4 h6 26. Bf5 g6 27. Bh3 Bg7 28. Kg2 f5 29. Kg1 Re4 30. Qf1 Rxe1 31. Qxe1 Qd7 32. Bd2 Ne6 33. Bxa5 Nd4 34. Qd1 Qe6 35. Bb6 Qe4 36. Bxd4 Qxd4 37. Qe2 Qb2 38. Qe6+ Kh7 39. Bxf5 gxf5 40. Qxf5+ Kh8 41. Qc8+ Kh7 42. Qxb7 c5 43. a5 Qa1+ 44. Kg2 Qxa5 45. h4 Qe1 46. Qd5 Bd4 47. Qf7+ Kh8 48. Qf3 Qe7 49. Qf4 Kh7 50. Qf3 Qe6 51. Qd3+ Kg7 52. Qf3 Kh7 53. Kh2 Qe7 54. b4 Qe1 55. b5 Bxf2 56. b6 Bxg3+ 57. Kh3 Qe6+ 58. Kxg3 Qxb6 59. Qf7+ Kh8 60. Kg4 Qd6 61. Kh5 Qd2 62. Qf6+ Kh7 63. Qg6+ Kh8 64. Qxh6+ Kg8 65. Qxd2 1-0


[Site "https://www.chess.com"]